 Dungeon Crawl Stone Soup version 0.20.1-1-g8b1a95d (console) character file.

78990 hilaritas the Peltast (level 15, -4/142 HPs)
             Began as a Deep Dwarf Berserker on Mar 11, 2018.
             Was an Elder of Trog.
             Slain by an orc warrior
             ... wielding a +0 trident
              (8 damage)
             ... on level 2 of the Orcish Mines.
             The game lasted 01:41:21 (21836 turns).

hilaritas the Peltast (Deep Dwarf Berserker)       Turns: 21836, Time: 01:41:22

Health: -4/142     AC: 30    Str: 26      XL:     15   Next: 19%
Magic:  6/6        EV:  8    Int:  8 (9)  God:    Trog [****..]
Gold:   1345       SH:  0    Dex: 12      Spells: 14/14 levels left

rFire    + . .     SeeInvis .   M - +2 long sword (protect)
rCold    . . .     Gourm    +   Q - +3 large shield of the Mantidfly {+Blink MR+}
rNeg     + + .     Faith    .   Z - +1 plate armour {rF+}
rPois    .         Spirit   .   n - +0 helmet
rElec    .         Reflect  .   C - +0 cloak
rCorr    .         Harm     .   q - +0 pair of gloves
MR       +++++                  L - +2 pair of boots {run}
Stlth    ..........             O - amulet of the gourmand
Regen    1.0/turn               X - ring of positive energy
MPRegen  0.1/turn               A - ring of protection from magic

@: confused, protection aura, berserk cooldown, non-regenerating, hasted, very
quick
A: damage resistance, heal wounds, hooves 1, negative energy resistance 1, sense
surroundings 2, no potion heal 1, no regeneration
a: Heal Wounds, Berserk, Trog's Hand, Brothers in Arms, Burn Spellbooks,
Renounce Religion, Evoke Blink


You were on level 2 of the Orcish Mines.
You worshipped Trog.
Trog was greatly pleased with you.
You were full.

You visited 3 branches of the dungeon, and saw 23 of its levels.
You also visited: Labyrinth and Sewer.

You collected 2133 gold pieces.
You spent 788 gold pieces at shops.

Inventory:

Hand Weapons
 d - the +6 short sword of Desertification {flame, *Slow rPois rC+ Dex+6}
   (You found it on level 2 of the Lair of Beasts)

   It has been specially enchanted to burn those struck by it, causing extra
   injury to most foes and up to half again as much damage against particularly
   susceptible opponents.
   It affects your dexterity (+6).
   It protects you from cold.
   It protects you from poison.
   It may slow you when you take damage.
 M - a +2 long sword of protection (weapon)
 S - a +1 scimitar of holy wrath
Missiles
 u - 5 javelins of penetration (quivered)
 P - 7 poisoned javelins
Armour
 n - a +0 helmet (worn)
 q - a +0 pair of gloves (worn)
 C - a +0 cloak (worn)
 L - a +2 pair of boots of running (worn)
 Q - the +3 large shield of the Mantidfly (worn) {+Blink MR+}
   (You found it on level 10 of the Dungeon)

   It affects your resistance to hostile enchantments.
   It lets you blink.
 Z - a +1 plate armour of fire resistance (worn)
Jewellery
 o - an uncursed ring of flight
 A - a ring of protection from magic (right hand)
 I - a +3 ring of evasion
 O - an amulet of the gourmand (around neck)
 X - a ring of positive energy (left hand)
Wands
 m - a wand of acid (4/15)
 D - a wand of disintegration (4/24)
 F - a wand of acid (7/15)
 J - a wand of iceblast (8/15)
 K - a wand of flame (39/48)
 R - a wand of acid (8/15)
 U - a wand of digging (20/24)
 W - a wand of disintegration (9/24)
 Y - a wand of lightning (6/15)
Scrolls
 l - 4 scrolls of teleportation
 p - 2 scrolls of enchant weapon
 r - 6 scrolls of recharging
 t - 5 scrolls of blinking
 x - 2 scrolls of fear
 y - 14 scrolls of remove curse
 z - 2 scrolls of fog
 H - a scroll of magic mapping
 N - a scroll of enchant armour
Potions
 e - a potion of resistance
 g - 7 potions of curing
 h - 5 potions of flight
 i - 5 potions of brilliance
 j - 2 potions of magic
 k - 2 potions of haste
 s - 2 potions of ambrosia
 v - 3 potions of cancellation
 w - a potion of might
 E - a potion of agility
 V - a potion of heal wounds
Miscellaneous
 B - a sack of spiders
Comestibles
 b - 10 meat rations
 c - 11 bread rations
 f - 10 royal jellies
 G - 12 fruits


   Skills:
 * Level 11.5 Fighting
 - Level 14.0 Long Blades
 + Level 10.3 Armour
 - Level 5.0 Dodging
 + Level 16.7 Shields
 * Level 9.6 Evocations


You had 14 spell levels left.
You didn't know any spells.

Dungeon Overview and Level Annotations

Branches:
Dungeon (15/15)            Temple (0/1) D:5            Lair (6/6) D:9
 Shoals (0/4) Lair:3       Spider (0/4) Lair:3        Slime (0/5) Lair:6
    Orc (2/2) D:11         Vaults (0/5) D:14         Depths (0/5) D:15
    Elf: Orc:2

Altars:
Gozag
Hepliaklqana
Makhleb
Nemelex Xobeh
Okawaru
Ru
Vehumet
Xom
The Shining One
Beogh

Shops:
D:6 !   D:8 [[[(*

Annotations:
D:12 hilaritas's ghost, journeyman DsGl


Innate Abilities, Weirdness & Mutations

You are resistant to damage.
You can heal yourself by infusing magical energy.
You resist negative energy. (rN+)
You passively map the area around you.
You do not regenerate.
You have large cloven feet.
Potions are less effective at restoring your health.


Message History

The orc warlord hits you with a great mace of protection!!
* * * LOW HITPOINT WARNING * * *
Unknown command.
Your system partially rejects the healing.
You feel much better. You block the orc's attack. x2
You block the orc warrior's attack.
Unknown command.
You are confused.
Your system partially rejects the healing.
You feel invigorated.
The orc warlord hits you but does no damage.
The orc hits you but does no damage.
Unknown command.
You bump into the stone wall.
The orc hits you but does no damage. The orc warrior closely misses you.
You bump into the rock wall.
The orc hits you but does no damage.
The orc warlord hits you with a great mace of protection!!
* * * LOW HITPOINT WARNING * * *
The orc warrior hits you from afar with a trident!
You die...

, * *, #.## * * , ##.. *,
,, , * ##... * , ###
####.... * ##.## #.#.....
* #...## #....... * ,,, *
##...#######..... * *
##...##.###...... * , ,
#........###..... * **
###.#....## ###... , ,
##@#####..## ##.. ,.# ,,
#ooo####...# ##. , ,...
*##o#o.....## #.
,o..#####o.......# #.
.....8.......#.##########
,
..oo........#....#.#.#...
, _
..o........#)..)[........
, ,
o..T..............#.......
.o...8..##.....###.......
...#########.### ##......
, .o., * ### ##.....


You could see an orc warlord, 2 orc warriors, an orc priest and 2 orcs.

Vanquished Creatures
  A fire dragon (Lair:6)
  A minotaur (Lab)
  An ogre mage (D:14)
  Josephine (Lair:6)
  4 hydras
  A rakshasa (D:13)
  7 two-headed ogres
  3 centaur warriors
  A tengu warrior (D:10)
  An alligator (Lair:6)
  10 death yaks
  An orc high priest (Orc:1)
  Urug (D:12)
  Sonja (Lair:1)
  Nergalle (Orc:2)
  2 unseen horrors
  A phantasmal warrior (D:15)
  An orc knight (D:15)
  A necromancer (D:15)
  A lindwurm (Lair:6)
  A deep elf mage (D:15)
  A tengu zombie (D:15)
  3 orc sorcerers (Orc:1)
  A cyclops (D:12)
  9 ugly things
  5 manticores
  4 black mambas (Lair:6)
  A frost giant skeleton (D:15)
  A stone giant skeleton (D:15)
  An eye of devastation (Lair:6)
  3 molten gargoyles (Lair:6)
  A torpor snail (Lair:6)
  5 centaur zombies
  A yaktaur zombie (D:15)
  7 spiny frogs
  4 centaur skeletons
  A freezing wraith (D:15)
  13 komodo dragons
  2 kobold demonologists (D:15)
  A rime drake (Lair:4)
  2 guardian mummies (D:15)
  A tengu conjurer (D:10)
  9 trolls
  4 jumping spiders
  2 polar bears
  11 hippogriffs
  5 blink frogs (Lair:6)
  2 slime creatures (D:12)
  3 shadows
  A spriggan (D:10)
  6 redbacks (Lair:3)
  38 yaks
  3 basilisks (Lair:6)
  5 wraiths
  2 wyverns
  A hungry ghost (D:12)
  2 steam dragons (Lair:6)
  8 vampire mosquitoes
  Menkaure (D:6)
  11 water moccasins
  4 hell hounds (Lair:6)
  8 porcupines
  2 acid dragons
  Duvessa (D:6)
  18 orc warriors
  3 sky beasts
  3 black bears
  2 ogres
  3 ice beasts
  The ghost of hilaritas the Skirmisher, an amateur BaFi (D:3)
  An eye of draining (Lair:6)
  5 phantoms
  4 wolves
  22 centaurs
  6 crocodiles
  8 big kobolds
  15 bullfrogs
  A gnoll sergeant (D:8)
  Dowan (D:6)
  5 scorpions
  A troll zombie (D:11)
  6 killer bees (D:10)
  2 electric eels (D:14)
  A spriggan skeleton (Lab)
  4 wights (D:9)
  3 howler monkeys (D:9)
  5 lava snakes (Lair:6)
  9 crimson imps
  A quasit (D:14)
  14 hounds
  8 orc priests
  A bullfrog zombie (D:9)
  6 jellies
  Crazy Yiuf (D:5)
  3 bullfrog skeletons
  20 orc wizards
  3 iguanas
  7 hell rats (Lair:4)
  10 worker ants
  A killer bee zombie (D:8)
  7 ogre zombies (D:11)
  An ogre skeleton (Lab)
  A hound skeleton (D:10)
  A howler monkey zombie (D:9)
  A worker ant zombie (D:9)
  Robin (D:2)
  8 gnolls
  13 adders
  A river rat (D:5)
  A shadow imp (D:13)
  2 oozes (Sewer)
  An adder zombie (D:5)
  4 adder skeletons
  9 worms
  7 dart slugs
  4 leopard geckos
  63 orcs
  6 giant cockroaches
  13 goblins
  10 hobgoblins
  5 jackals
  26 kobolds
  4 quokkas
  A ball python (Sewer)
  14 bats
  7 frilled lizards
  5 goblin zombies (D:11)
  A hobgoblin skeleton (D:11)
  A hobgoblin zombie (D:11)
  2 orc skeletons (D:11)
  16 orc zombies (D:11)
  A quokka skeleton (D:4)
  A quokka zombie (D:9)
  10 rats
  A plant (Lair:2)
691 creatures vanquished.

Vanquished Creatures (collateral kills)
  2 tengu warriors (D:14)
  A death yak (Lair:2)
  A two-headed ogre (D:14)
  An orc knight (Orc:2)
  A rime drake (Lair:6)
  2 orc warriors (Orc:2)
  An orc priest (Orc:2)
  An orc wizard (Orc:2)
10 creatures vanquished.

Vanquished Creatures (others)
  An orc wizard (Orc:1)
  An orc (D:14)
  9 fungi
  6 plants
  A withered plant (D:15)
18 creatures vanquished.

Grand Total: 719 creatures vanquished

Notes
Turn   | Place    | Note
-------+----------+-------------------------------------------
     0 | D:1      | hilaritas the Deep Dwarf Berserker began the quest for the Orb.
     0 | D:1      | Reached XP level 1. HP: 20/20 MP: 1/1
   149 | D:1      | Reached XP level 2. HP: 25/27 MP: 2/2
   489 | D:1      | Reached XP level 3. HP: 24/33 MP: 3/3
   552 | D:2      | Reached ** piety under Trog
   733 | D:2      | Found a sparkling altar of Nemelex Xobeh.
   867 | D:2      | Found a shimmering altar of Xom.
   949 | D:2      | Reached skill level 1 in Shields
   960 | D:2      | Noticed Robin
   988 | D:2      | Killed Robin
   988 | D:2      | Reached XP level 4. HP: 18/40 MP: 4/4
  1466 | D:2      | Found a sparkling altar of Nemelex Xobeh.
  1467 | D:2      | Found an opulent altar of Gozag.
  1622 | D:3      | Reached skill level 5 in Long Blades
  1626 | D:3      | Reached XP level 5. HP: 33/49 MP: 5/5
  1634 | D:3      | Reached *** piety under Trog
  1763 | D:3      | Noticed hilaritas's ghost (amateur BaFi)
  1775 | D:3      | Killed hilaritas's ghost
  1775 | D:3      | Reached skill level 2 in Shields
  2026 | D:3      | Reached XP level 6. HP: 40/56 MP: 6/6
  2533 | D:4      | Reached skill level 3 in Shields
  2662 | D:4      | Found a burning altar of Makhleb.
  2930 | D:5      | Entered Level 5 of the Dungeon
  3006 | D:5      | Found a sacrificial altar of Ru.
  3107 | D:5      | Reached XP level 7. HP: 55/62 MP: 7/7
  3151 | D:5      | Found a staircase to the Ecumenical Temple.
  3324 | D:5      | Found a glowing drain.
  3335 | Sewer    | Entered a sewer
  3429 | Sewer    | Reached skill level 4 in Shields
  3509 | Sewer    | Reached **** piety under Trog
  3968 | D:5      | Found a glowing golden altar of the Shining One.
  4020 | D:5      | Found a runed door.
  4024 | D:5      | Noticed Crazy Yiuf
  4031 | D:5      | Killed Crazy Yiuf
  4086 | D:6      | Noticed Menkaure
  4094 | D:6      | Killed Menkaure
  4094 | D:6      | Reached XP level 8. HP: 34/70 MP: 8/8
  4157 | D:6      | Reached skill level 5 in Shields
  4176 | D:6      | Found an iron altar of Okawaru.
  4525 | D:6      | Noticed Duvessa
  4526 | D:6      | Noticed Dowan
  4539 | D:6      | Killed Dowan
  4580 | D:6      | Killed Duvessa
  4580 | D:6      | Reached skill level 6 in Shields
  4779 | D:6      | Found Voutyrac's Distillery.
  4788 | D:6      | Bought a potion of heal wounds for 55 gold pieces
  5518 | D:8      | Gained mutation: You passively map the area around you. [Deep Dwarf growth]
  5518 | D:8      | Reached XP level 9. HP: 56/78 MP: 8/8
  5530 | D:8      | Found Wurekhal's General Store.
  5549 | D:8      | Reached skill level 7 in Shields
  5604 | D:8      | Found a radiant altar of Vehumet.
  5605 | D:8      | Found Unekhlob's Antique Weapon Shoppe.
  5651 | D:8      | Reached skill level 10 in Long Blades
  5665 | D:8      | Found Dobuob's Antique Armour Shop.
  5682 | D:8      | Bought a pair of glowing boots for 210 gold pieces
  5687 | D:8      | Identified a +1 pair of boots of running (You bought it in a shop on level 8 of the Dungeon)
  5847 | D:8      | Found Zidemouch's Antique Armour Shop.
  5977 | D:8      | Found Faycwoige's Armour Shoppe.
  5985 | D:8      | Noticed a two-headed ogre
  5993 | D:8      | Killed a two-headed ogre
  5993 | D:8      | Reached skill level 5 in Fighting
  5993 | D:8      | Reached skill level 8 in Shields
  6098 | D:9      | Found a runed door.
  6137 | D:9      | Reached skill level 9 in Shields
  6417 | D:9      | Reached XP level 10. HP: 76/91 MP: 9/9
  6611 | D:9      | Found a runed door.
  6706 | D:9      | Found a staircase to the Lair.
  6964 | D:9      | Reached skill level 10 in Shields
  7080 | D:9      | Noticed a two-headed ogre
  7096 | D:9      | Killed a two-headed ogre
  7198 | D:10     | Entered Level 10 of the Dungeon
  7268 | D:10     | Got a twisted large shield
  7276 | D:10     | Noticed a two-headed ogre
  7322 | D:10     | Killed a two-headed ogre
  7322 | D:10     | Reached skill level 11 in Shields
  8048 | D:8      | Bought a runed scimitar for 259 gold pieces
  8130 | D:11     | Noticed a manticore
  8162 | D:10     | Identified the +3 large shield of the Mantidfly {+Blink MR+} (You found it on level 10 of the Dungeon)
  8176 | D:10     | HP: 6/94 [something (7)]
  8220 | D:10     | Killed an unseen horror
  8220 | D:10     | Reached skill level 12 in Shields
  8255 | D:10     | Reached skill level 5 in Armour
  8348 | D:11     | Reached XP level 11. HP: 100/100 MP: 9/9
  8434 | D:11     | Found a staircase to the Orcish Mines.
  8442 | D:11     | Reached ***** piety under Trog
  8442 | D:11     | Received a gift from Trog
  8506 | D:11     | Noticed a tengu warrior
  8549 | D:10     | Killed a tengu warrior
  8690 | D:11     | Reached skill level 13 in Shields
  9011 | D:12     | Got a scorched war axe
  9016 | D:12     | Noticed Urug
  9042 | D:12     | Killed Urug
  9223 | D:12     | Noticed a green ugly thing
  9241 | D:12     | Killed a green ugly thing
  9270 | D:12     | Reached skill level 14 in Shields
  9310 | D:12     | HP: 6/104 [enormous slime creature (35)]
  9451 | D:12     | Reached XP level 12. HP: 89/112 MP: 9/9
  9498 | D:12     | Noticed hilaritas's ghost (journeyman DsGl)
  9629 | Lair:1   | Entered Level 1 of the Lair of Beasts
 10200 | Lair:1   | Found a hazy altar of Hepliaklqana.
 10272 | Lair:1   | Noticed Sonja
 10386 | Lair:2   | Got a twisted short sword
 10387 | Lair:2   | Identified the +6 short sword of Desertification {flame, *Slow rPois rC+ Dex+6} (You found it on level 2 of the Lair of Beasts)
 10388 | Lair:2   | Identified the +0 war axe "Oniel" {chaos, rElec Int+2} (You found it on level 12 of the Dungeon)
 10459 | Lair:2   | Reached skill level 1 in Evocations
 10902 | Lair:2   | Noticed a death yak
 10925 | Lair:2   | Killed a death yak
 10925 | Lair:2   | Reached skill level 15 in Shields
 10930 | Lair:2   | Noticed a death yak
 10930 | Lair:2   | Noticed a death yak
 10930 | Lair:2   | Noticed a death yak
 10930 | Lair:2   | Noticed a death yak
 10936 | Lair:2   | Killed a death yak
 10954 | Lair:2   | Killed a death yak
 10957 | Lair:2   | Killed a death yak
 10972 | Lair:2   | Killed a death yak
 11432 | Lair:3   | Found a staircase to the Shoals.
 11655 | Lair:3   | Received a gift from Trog
 11685 | Lair:3   | Found a hole to the Spider Nest.
 12272 | Lair:4   | Reached skill level 10 in Fighting
 12341 | Lair:4   | Found a labyrinth entrance.
 12369 | Lab      | Entered a labyrinth
 12822 | Lab      | Noticed a minotaur
 12838 | Lab      | Killed a minotaur
 13035 | Lair:4   | Reached XP level 13. HP: 93/123 MP: 9/9
 13103 | Lair:4   | Reached skill level 16 in Shields
 13103 | Lair:4   | Reached skill level 5 in Evocations
 13757 | Lair:5   | Gained mutation: You are agile. (Dex +2) [potion of mutation]
 13757 | Lair:5   | Gained mutation: You are dopey. (Int -2) [potion of mutation]
 13757 | Lair:5   | Gained mutation: You expend magic power (3 MP) to strengthen your wands. [potion of mutation]
 13757 | Lair:5   | Lost mutation: You are dopey. (Int -2) [potion of mutation]
 13758 | Lair:5   | Lost mutation: You are agile. (Dex +2) [potion of mutation]
 13758 | Lair:5   | Lost mutation: You expend magic power (3 MP) to strengthen your wands. [potion of mutation]
 13758 | Lair:5   | Gained mutation: Your spells are a little easier to cast, but a little less powerful. [potion of mutation]
 13758 | Lair:5   | Gained mutation: Scrolls take you a little longer to read. [potion of mutation]
 13758 | Lair:5   | Gained mutation: Armour fits poorly on your strangely shaped body. [potion of mutation]
 13758 | Lair:5   | Gained mutation: Your muscles are strong. (Str +2) [potion of mutation]
 13931 | D:6      | Bought 2 potions of mutation for 176 gold pieces
 13931 | D:6      | Lost mutation: Armour fits poorly on your strangely shaped body. [potion of mutation]
 13931 | D:6      | Lost mutation: Scrolls take you a little longer to read. [potion of mutation]
 13931 | D:6      | Gained mutation: You passively map a large area around you. [potion of mutation]
 13931 | D:6      | Gained mutation: You occasionally shout uncontrollably at your foes. [potion of mutation]
 13931 | D:6      | Gained mutation: You have a somewhat thin skeletal structure. (Dex +2, Stealth) [potion of mutation]
 13931 | D:6      | Gained mutation: You have a moderately thin skeletal structure. (Dex +4, Stealth+) [potion of mutation]
 13932 | D:6      | Lost mutation: Your muscles are strong. (Str +2) [potion of mutation]
 13932 | D:6      | Lost mutation: You occasionally shout uncontrollably at your foes. [potion of mutation]
 13932 | D:6      | Lost mutation: You have a moderately thin skeletal structure. (Dex +4, Stealth+) [potion of mutation]
 13932 | D:6      | Lost mutation: You passively map a large area around you. [potion of mutation]
 13932 | D:6      | Lost mutation: You have a somewhat thin skeletal structure. (Dex +2, Stealth) [potion of mutation]
 13932 | D:6      | Gained mutation: Armour fits poorly on your strangely shaped body. [potion of mutation]
 13932 | D:6      | Gained mutation: You are somewhat resistant to further mutation. [potion of mutation]
 13971 | D:8      | Bought a potion of mutation for 88 gold pieces
 13971 | D:8      | Lost mutation: Armour fits poorly on your strangely shaped body. [potion of mutation]
 13971 | D:8      | Lost mutation: You are somewhat resistant to further mutation. [potion of mutation]
 13971 | D:8      | Lost mutation: Your spells are a little easier to cast, but a little less powerful. [potion of mutation]
 13971 | D:8      | Gained mutation: Potions are less effective at restoring your health. [potion of mutation]
 13971 | D:8      | Gained mutation: You have large cloven feet. [potion of mutation]
 14053 | Lair:1   | Killed Sonja
 14750 | Lair:6   | Entered Level 6 of the Lair of Beasts
 14962 | Lair:6   | Reached skill level 10 in Armour
 15185 | Lair:6   | Found a staircase to the Slime Pits.
 15401 | Lair:6   | Reached skill level 5 in Dodging
 15417 | Lair:6   | Noticed Josephine
 16191 | Lair:6   | Found a large runed door.
 16191 | Lair:6   | Noticed a fire dragon
 16192 | Lair:6   | Found a large runed door.
 16199 | Lair:6   | Gained mutation: You resist negative energy. (rN+) [Deep Dwarf growth]
 16199 | Lair:6   | Reached XP level 14. HP: 132/132 MP: 8/8
 16210 | Lair:6   | Killed Josephine
 16296 | Lair:6   | Received a gift from Trog
 18355 | D:13     | Found an iron altar of Okawaru.
 18880 | D:14     | HP: 19/199 [something (3)]
 18886 | D:14     | HP: 8/133 [something (5)]
 18891 | D:14     | HP: 12/133 [something (3)]
 19198 | D:14     | Found a gate to the Vaults.
 20003 | D:15     | Entered Level 15 of the Dungeon
 20227 | D:15     | Found a staircase to the Depths.
 20714 | D:15     | Reached XP level 15. HP: 142/142 MP: 5/5
 20979 | Orc:1    | Entered Level 1 of the Orcish Mines
 21503 | Orc:2    | Entered Level 2 of the Orcish Mines
 21540 | Orc:2    | Found a roughly hewn altar of Beogh.
 21731 | Orc:2    | Noticed Nergalle
 21778 | Orc:2    | Killed Nergalle
 21796 | Orc:2    | Noticed an orc warlord
 21832 | Orc:2    | HP: 3/142 [orc warlord/great mace of protection (19)]
 21836 | Orc:2    | Slain by an orc warrior

Skill      XL: |  1  2  3  4  5  6  7  8  9 10 11 12 13 14 |
---------------+-------------------------------------------+-----
Long Blades    | 4 5 6 8 9 10 11 14 | 14.0
Shields        | 1 2 3 4 6 9 12 14 15 16 | 16.7
Fighting       | 3 4 5 7 8 10 11 | 11.5
Armour         | 3 5 6 7 10 | 10.3
Evocations     | 4 7 9 |  9.6
Dodging        | 5 |  5.0

Action                   |  1- 3 |  4- 6 |  7- 9 | 10-12 | 13-15 || total
-------------------------+-------+-------+-------+-------+-------++-------
Melee: Falchion          |   170 |   283 |   819 |   363 |   214 ||  1849
       Scimitar          |       |       |       |  1008 |  1492 ||  2500
       Short sword       |       |       |       |       |    36 ||    36
       Long sword        |       |       |       |       |    92 ||    92
Throw: Javelin           |       |     1 |    26 |    20 |    29 ||    76
Invok: Trog's Hand       |       |     4 |    10 |    20 |    32 ||    66
       Berserk           |       |     1 |     5 |    14 |    22 ||    42
       Brothers in Arms  |       |       |       |     2 |     2 ||     4
       Burn Spellbooks   |       |       |       |     1 |     3 ||     4
 Abil: Heal Wounds       |       |       |     2 |    30 |    39 ||    71
       Evoke Blink       |       |       |       |     1 |       ||     1
  Use: Scroll            |     5 |     7 |     2 |    10 |    13 ||    37
       Potion            |       |       |       |     6 |    11 ||    17
  Eat: Chunk             |     1 |     9 |    22 |    54 |    65 ||   151
Armor: Plate armour      |   128 |   146 |   264 |       |    78 ||   616
       Chain mail        |       |       |    53 |   398 |   381 ||   832
Dodge: Dodged            |    42 |    22 |   131 |   193 |   299 ||   687
Block: Shield            |    65 |   110 |   367 |   226 |       ||   768
       Large shield      |       |       |       |   962 |  1866 ||  2828
       Rpst.: Falchion   |     9 |     3 |    41 |    22 |     5 ||    80
       Scimitar          |       |       |       |    24 |    48 ||    72
       Long sword        |       |       |       |       |     1 ||     1
